 Dungeon Crawl Stone Soup version 0.16-a0-3946-g4f19e5c (console) character file.

12304 MarvinPA the Spear-Bearer (level 11, -1/80 HPs)
             Began as a Mummy Artificer on Feb 10, 2015.
             Was an Initiate of Gozag.
             Slain by a komodo dragon (20 damage)
             ... on level 1 of the Lair of Beasts.
             The game lasted 00:41:38 (13070 turns).

MarvinPA the Spear-Bearer (Mummy Artificer)        Turns: 13070, Time: 00:41:38

Health: -1/80      AC: 10    Str: 22    XL:     11   Next: 60%
Magic:  23/23      EV: 16    Int: 11    God:    Gozag
Gold:   1471       SH:  0    Dex: 20    Spells: 0 memorised, 10 levels left

rFire  . . .     SeeInvis +     a - +10 spear {pierce, rC- Dex+6 Stlth+}
rCold  + . .     Clarity  .     J - +2 robe {rC+ rF+}
rNeg   + + +     SustAb   .     (no shield)
rPois  ∞         Gourm    .     y - +0 helmet (curse)
rElec  .         Spirit   .     A - +0 cloak
rCorr  .         Warding  .     (no gloves)
rMut   .         Stasis   .     i - +0 pair of boots
MR     +....     NoCast   +     v - amulet of faith {!P}
Stlth  ++++......               u - +3 ring of protection
                                e - ring "Bineefif" {-Cast rPois+ Str+5 Dex+2 SInv Stlth+}

@: somewhat resistant to hostile enchantments, stealthy
A: no food or potions, fire vulnerability, restore body, cold resistance 1,
negative energy resistance 3, poison resistance, torment resistance, unbreathing
a: Potion Petition, Call Merchant, Bribe Branch, Renounce Religion


You were on level 1 of the Lair of Beasts.
You worshipped Gozag.
Gozag was noncommittal.
You were not hungry.

You visited 3 branches of the dungeon, and saw 13 of its levels.

You collected 1989 gold pieces.
You paid 518 gold pieces to Gozag.


Innate Abilities, Weirdness & Mutations

You do not eat or drink.
Your flesh is vulnerable to fire.
Your flesh is cold resistant.
You are immune to negative energy.
Your system is resistant to poisons.
You are immune to unholy pain and torment.
You can survive without breathing.


   Skills:
 - Level 5.4 Fighting
   Level 0.7 Short Blades
 + Level 11.4 Polearms
 + Level 5.6 Dodging
 - Level 0.7 Stealth
 - Level 9.1 Evocations


You had 10 spell levels left.
You didn't know any spells.

Inventory:

Hand weapons
 a - the +10 spear of Capital Punishment (weapon) {pierce, rC- Dex+6 Stlth+}
   (You found it on level 4 of the Dungeon)

   It inflicts extra damage upon your enemies.
   It affects your dexterity (+6).
   It makes you vulnerable to cold.
   It makes you more stealthy.
 b - a +0 blowgun
Missiles
 f - 362 stones (quivered)
 l - 69 poisoned needles
 K - 2 throwing nets {=f}
Armour
 i - a +0 pair of boots (worn)
 j - a +1 hat
 y - a cursed +0 helmet (worn)
 A - a +0 cloak (worn)
 J - a +2 robe of resistance (worn)
Jewellery
 e - the ring "Bineefif" (left hand) {-Cast rPois+ Str+5 Dex+2 SInv Stlth+}
   (You found it on level 4 of the Dungeon)

   [ring of see invisible]

   It affects your strength (+5).
   It affects your dexterity (+2).
   It protects you from poison.
   It enhances your eyesight.
   It prevents spellcasting.
   It makes you more stealthy.
 u - a +3 ring of protection (right hand)
 v - an amulet of faith (around neck) {!P}
 w - a ring of protection from fire
Magical devices
 c - a wand of enslavement (6)
 d - a wand of polymorph (6)
 n - a wand of cold (9)
 o - a wand of enslavement (14)
 s - a wand of enslavement (6)
 C - a wand of lightning (7)
Scrolls
 h - 3 scrolls of blinking
 p - 3 scrolls of teleportation {@r4}
 q - 2 scrolls of magic mapping
 x - a scroll of torment
 D - 3 scrolls of remove curse
 F - a scroll of silence {!r}
 G - a scroll of summoning

Dungeon Overview and Level Annotations

Branches:
Dungeon (11/15)            Temple (1/1) D:5            Lair (1/8) D:11
    Orc (0/4) D:11

Altars:
Ashenzari
Cheibriados
Dithmenos
Elyvilon
Fedhas
Gozag
Kikubaaqudgha
Makhleb
Nemelex Xobeh
Okawaru
Qazlal
Ru
Sif Muna
Trog
Vehumet
Xom
Yredelemnul
Zin
The Shining One

Shops:
D:4 * D:11

! .## #.!.. .# #...# .#
#...# .# #...# .#### #...#
..#f#######...#
..............## [
...............#######...
........#####...Ml........
.......## #.............
.......# #....r£........
.......# ##............
.......# #............
.......# #...........#
.......# #.......f....
.......# ##....£.#...
....# #......#+#


You could see a komodo dragon and a river rat.


Message History

A komodo dragon and a river rat come into view.
Found 11 gold pieces.
Evoke which item? (* to show all) (? for menu, Esc to quit)
Okay, then.
The komodo dragon hisses angrily.
Found a robe.
You hit the komodo dragon.
The komodo dragon is lightly wounded.
The komodo dragon closely misses you.
You hit the komodo dragon.
The komodo dragon is moderately wounded.
You hit the komodo dragon.
The komodo dragon is heavily wounded.
The komodo dragon closely misses you.
You barely miss the komodo dragon.
The komodo dragon is heavily wounded.
You closely miss the komodo dragon.
The komodo dragon is heavily wounded.
The komodo dragon bites you!
You hit the komodo dragon.
The komodo dragon is severely wounded.
You hit the komodo dragon.
The komodo dragon is almost dead.
The komodo dragon bites you!!
* * * LOW HITPOINT WARNING * * *
You hit the komodo dragon.
The komodo dragon is almost dead.
The komodo dragon bites you!!
You die...
Your body crumbles into a pile of gold.

Action                   |  1- 3 |  4- 6 |  7- 9 | 10-12 || total
-------------------------+-------+-------+-------+-------++-------
Melee: Short sword       |    42 |       |       |       ||    42
       Dagger            |    56 |    77 |       |       ||   133
       Spear             |       |    64 |   280 |   414 ||   758
 Fire: Blowgun           |       |       |     2 |     6 ||     8
Throw: Stone             |    22 |    16 |     4 |     4 ||    46
Invok: Potion Petition   |       |       |       |     2 ||     2
Evoke: Wand              |       |       |    39 |    22 ||    61
  Use: Scroll            |       |     7 |     8 |     2 ||    17
 Stab: Sleeping          |     2 |     3 |    18 |     4 ||    27
       Distracted        |       |       |     3 |     3 ||     6

Vault maps used:
D:1:      lemuel_arrival_river_ford
D:2:      fiery_altar_vehumet, first_bread, minmay_misc_feat_room,
          fedhas_altar_2
D:3:      nicolae_overflow_hidden_temple, minivault_11, kennysheep_doodads
D:4:      serial_shops, shop
D:5:      minmay_temple_entry_nine_rooms, basic_altar
D:6:      led_sif_pool, uniq_edmund, uniq_prince_ribbit1, uniq_blork_the_orc
D:8:      overflow_temple_1_default, basic_altar
D:9:      elyvilon_altar_5, dpeg_lair_monsters
D:10:     lemuel_slime, serial_pond, minmay_pond_plants_s, minmay_pond_fungi_f,
          uniq_nergalle
D:11:     lair_0_dummy, orc_0_dummy, serial_shops, shop, basic_altar,
          uniq_erolcha
Temple:   zaba_magenta_temple_12
Lair:1:   lab_entry_generic, serial_bayou_pond_e, grunt_megastairs_4

Notes
Turn   | Place    | Note
--------------------------------------------------------------
     0 | D:1      | MarvinPA, the Mummy Artificer, began the quest for the Orb.
     0 | D:1      | Reached XP level 1. HP: 15/15 MP: 1/1
   272 | D:1      | Reached skill level 2 in Fighting
   316 | D:1      | Reached XP level 2. HP: 22/22 MP: 2/2
   915 | D:2      | Found a radiant altar of Vehumet.
   982 | D:2      | Reached skill level 3 in Fighting
   982 | D:2      | Reached XP level 3. HP: 26/29 MP: 4/4
  1060 | D:2      | Found a blossoming altar of Fedhas.
  1613 | D:3      | Reached skill level 4 in Fighting
  1613 | D:3      | Reached XP level 4. HP: 37/37 MP: 5/5
  2102 | D:3      | Found a shadowy altar of Dithmenos.
  2103 | D:3      | Found a bloodstained altar of Trog.
  2417 | D:4      | Got a sparkling amber ring
  2418 | D:4      | Identified the ring "Bineefif" {-Cast rPois+ Str+5 Dex+2 SInv Stlth+} (You found it on level 4 of the Dungeon)
  2419 | D:4      | sure
  2476 | D:4      | Reached skill level 5 in Fighting
  2476 | D:4      | Reached XP level 5. HP: 27/44 MP: 7/7
  2672 | D:4      | Got a steaming spear
  2673 | D:4      | Identified the +10 spear of Capital Punishment {pierce, rC- Dex+6 Stlth+} (You found it on level 4 of the Dungeon)
  2674 | D:4      | ok
  2798 | D:4      | Found Suyfuelu's General Store.
  2882 | D:5      | Entered Level 5 of the Dungeon
  2931 | D:5      | Reached skill level 1 in Polearms
  2931 | D:5      | Reached XP level 6. HP: 51/51 MP: 8/8
  3218 | D:5      | Found a staircase to the Ecumenical Temple.
  3223 | Temple   | Entered the Ecumenical Temple
  3319 | Temple   | Became a worshipper of Gozag Ym Sagoz the Greedy
  3599 | D:5      | Reached skill level 2 in Polearms
  3690 | D:4      | Reached skill level 3 in Polearms
  3945 | D:5      | Found an ancient bone altar of Kikubaaqudgha.
  3949 | D:5      | Noticed a centaur
  3954 | D:5      | Killed a centaur
  3954 | D:5      | Reached XP level 7. HP: 24/56 MP: 10/10
  4192 | D:6      | Noticed Edmund
  4203 | D:6      | Killed Edmund
  4203 | D:6      | Reached skill level 4 in Polearms
  4317 | D:6      | Noticed Blork the orc
  4335 | D:6      | Killed Blork the orc
  4559 | D:6      | Reached skill level 5 in Polearms
  4630 | D:6      | Got a diamond-encrusted leather armour
  4631 | D:6      | Identified the cursed -1 leather armour of Tovvaos {-Cast rC+ Dex+2} (You found it on level 6 of the Dungeon)
  4727 | D:6      | Reached skill level 2 in Dodging
  4866 | D:6      | Found a deep blue altar of Sif Muna.
  4905 | D:6      | Noticed Prince Ribbit
  4908 | D:6      | Noticed Prince Ribbit
  4908 | D:6      | Prince Ribbit changed into Prince Ribbit the water moccasin
  4913 | D:6      | Killed Prince Ribbit the water moccasin
  4913 | D:6      | Reached XP level 8. HP: 60/63 MP: 11/11
  5317 | D:7      | Reached skill level 6 in Polearms
  5752 | D:7      | Reached skill level 7 in Polearms
  6143 | D:7      | Reached skill level 3 in Evocations
  6361 | D:8      | Reached skill level 4 in Evocations
  6497 | D:8      | Reached XP level 9. HP: 68/68 MP: 15/15
  6648 | D:8      | Found a shattered altar of Ashenzari.
  6876 | D:8      | Found a white marble altar of Elyvilon.
  6878 | D:8      | Noticed a two-headed ogre
  6885 | D:8      | Killed a two-headed ogre
  6885 | D:8      | Reached skill level 8 in Polearms
  7075 | D:8      | Reached skill level 5 in Evocations
  7737 | D:9      | Found a staircase to the Lair.
  7980 | D:9      | Found a white marble altar of Elyvilon.
  8015 | D:9      | Reached skill level 6 in Evocations
  8398 | D:9      | Reached skill level 9 in Polearms
  8594 | D:10     | Entered Level 10 of the Dungeon
  8678 | D:10     | Got a vibrating jade ring
  8680 | D:10     | Identified the ring of Xeuzoadd {rC- Str+3 Dex+4 SInv} (You found it on level 10 of the Dungeon)
  8711 | D:10     | Reached XP level 10. HP: 63/74 MP: 20/20
  8808 | D:10     | Reached skill level 7 in Evocations
  8818 | D:10     | Noticed a hill giant
  8832 | D:10     | Killed a hill giant
  8953 | D:10     | Noticed a brown ugly thing
  8971 | D:10     | Killed a brown ugly thing
  9178 | D:10     | Noticed Nergalle
  9219 | D:10     | Killed Nergalle
  9219 | D:10     | Reached skill level 8 in Evocations
  9469 | D:10     | Reached skill level 10 in Polearms
  9746 | D:10     | Noticed a hill giant
  9764 | D:10     | Killed a hill giant
  9844 | D:10     | Noticed a cyclops
  9856 | D:10     | a cyclops changed into an elf
 10140 | D:10     | Reached skill level 9 in Evocations
 10778 | D:10     | Reached XP level 11. HP: 60/80 MP: 23/23
 10780 | D:10     | Reached skill level 3 in Dodging
 11057 | D:11     | Found Kawabap's Distillery.
 11057 | D:11     | Noticed Erolcha
 11061 | D:11     | Killed Erolcha
 11078 | D:11     | Reached skill level 4 in Dodging
 11186 | D:11     | Found a staircase to the Orcish Mines.
 11306 | D:11     | Found a white marble altar of Elyvilon.
 11340 | D:11     | Noticed a centaur warrior
 11363 | D:11     | Killed a centaur warrior
 11501 | D:11     | Noticed a hill giant
 11506 | D:11     | Killed a hill giant
 11506 | D:11     | Reached skill level 11 in Polearms
 11722 | D:11     | Reached skill level 5 in Dodging
 12075 | D:11     | Found a staircase to the Lair.
 12625 | D:11     | Identified a +2 robe of resistance (You took it off Erolcha on level 11 of the Dungeon)
 12965 | Lair:1   | Entered Level 1 of the Lair of Beasts
 13070 | Lair:1   | Slain by a komodo dragon

Vanquished Creatures
  A centaur warrior (D:11)
  Nergalle (D:10)
  Erolcha (D:11)
  3 hill giants
  5 ugly things
  2 trolls (D:11)
  An elf (D:10)
  2 two-headed ogres
  A slime creature (D:10)
  A deep elf mage (D:10)
  A hungry ghost (D:10)
  Edmund (D:6)
  A water moccasin (D:6)
  2 ice beasts
  5 orc warriors
  4 sky beasts
  2 porcupines (Lair:1)
  3 phantoms
  7 ogres
  4 centaurs
  A big kobold (D:10)
  2 crocodiles (D:9)
  4 giant frogs
  Blork the orc (D:6)
  3 scorpions
  5 killer bees (D:10)
  5 wights (D:8)
  An electric eel (D:10)
  6 hounds
  3 crimson imps
  19 jellies
  An iguana (D:9)
  6 orc priests
  2 giant frog zombies
  3 giant frog skeletons
  13 orc wizards
  7 worker ants
  2 hound zombies
  A hound skeleton (D:6)
  A shadow imp (D:8)
  7 adders
  A worm (D:2)
  8 giant geckos
  13 oozes (D:10)
  24 orcs
  12 bats
  A giant cockroach (D:4)
  14 hobgoblins
  10 jackals
  3 quokkas
  A ball python (D:6)
  A giant gecko skeleton (D:8)
  2 giant newts (D:2)
  2 giant spores
  6 goblins
  25 kobolds
  6 rats
  2 spectral orcs (D:10)
  23 ballistomycetes
295 creatures vanquished.

Vanquished Creatures (collateral kills)
  A centaur (D:11)
  An orc (D:6)
2 creatures vanquished.

Vanquished Creatures (others)
  3 centaurs
  2 giant spores
  4 fungi (D:10)
9 creatures vanquished.

Grand Total: 306 creatures vanquished
